 Dungeon Crawl Stone Soup version 0.30-a0-711-gf4ac18a38d (webtiles) character file.

Game seed: 11228631826849174359

7233 kae the Transmogrifier (level 10, -9/85 HPs)
             Began as a Demonspawn Transmuter on Jan 22, 2023.
             Was an Initiate of Ru.
             Mangled by a komodo dragon (28 damage)
             ... on level 1 of the Lair of Beasts.
             The game lasted 00:14:56 (11468 turns).

kae the Transmogrifier (Demonspawn Transmuter)     Turns: 11468, Time: 00:14:56

Health: -9/85      AC:  8    Str: 15    XL:     10   Next: 88%
Magic:  17/18      EV: 11    Int: 16    God:    Ru [......]
Gold:   455        SH:  5    Dex: 15    Spells: 12/22 levels left

rFire   x . .      SeeInvis .      - Unarmed
rCold   + + +      Faith    .    (shield currently unavailable)
rNeg    . . .      Spirit   .    (body armour currently unavailable)
rPois   +          Reflect  +    (helmet currently unavailable)
rElec   .          Harm     .    (cloak currently unavailable)
rCorr   .          Rampage  .    (gloves currently unavailable)
Will    +....                    (boots currently unavailable)
Stlth   +                        g - amulet of reflection
HPRegen 0.34/turn                e - ring of willpower
MPRegen 0.32/turn                l - ring "Ekijukh" {Wiz Str+3}

@: ice-form, wereblooded
A: freezing attack, amphibious, boosted hp, large, (horns 2), (yellow scales 3),
low MP 1, magic regeneration
a: End Transformation, Renounce Religion


You were on level 1 of the Lair of Beasts.
You worshipped Ru.
Ru was noncommittal.
You were a creature of crystalline ice.
You visited 3 branches of the dungeon, and saw 12 of its levels.
You also visited: Sewer.

You collected 505 gold pieces.
You spent 50 gold pieces at shops.


Innate Abilities, Weirdness & Mutations

You are a creature of crystalline ice.
You have a powerful freezing melee attack.
You are amphibious.
Your maximum health is increased.
Your armour is entirely melded.
You are incapable of wielding weapons or throwing items.
((You have a pair of horns on your head.))
((You are completely covered in yellow scales. (AC +4, rCorr)))
Your magical capacity is low. (-10% MP)
You regenerate magic rapidly.


   Skills:
 + Level 3.6 Fighting
 + Level 3.5 Dodging
 + Level 6.8 Unarmed Combat
 + Level 6.6 Spellcasting
 * Level 9.2 Transmutations
 - Level 7.0 Ice Magic
 - Level 2.0 Poison Magic


You had 12 spell levels left.
You knew the following spells:

 Your Spells              Type           Power      Damage    Failure   Level
a - Beastly Appendage     Tmut           70%        N/A       1%          1
b - Wereblood             Tmut           35%        N/A       1%          2
c - Spider Form           Tmut/Pois      23%        N/A       1%          3
d - Ice Form              Ice/Tmut       31%        N/A       1%          4

Your spell library contained the following spells:

 Spells                   Type           Power      Damage    Failure   Level
 Freeze                   Ice            100%       1d10      1%          1
 Frozen Ramparts          Ice            54%        1d9       1%          3
 Hailstorm                Conj/Ice       16%        3d6       3%          3
 Apportation              Tloc           10%        N/A       5%          1
 Necrotise                Necr           20%        1d5       5%          1
 Summon Small Mammal      Summ           20%        N/A       5%          1
 Blink                    Tloc           10%        N/A       8%          2
 Lesser Beckoning         Tloc           10%        N/A       8%          2
 Momentum Strike          Conj/Tloc      10%        3d8       8%          2
 Static Discharge         Conj/Air       10%        2-3/arc   8%          2
 Sublimation of Blood     Necr           5%         N/A       8%          2
 Borgnjor's Revivificati  Necr           2%         N/A       100%        8
 Infestation              Necr           2%         N/A       100%        8

Inventory:

Missiles
 d - 137 stones
 f - 7 curare-tipped darts {=f}
 o - 21 poisoned darts
Armour
 a - a +0 robe (melded)
 A - a +0 cloak (melded)
   (You took it off Crazy Yiuf on level 7 of the Dungeon)
Magical Staves
 k - a staff of cold {!a}
   (You found it on level 4 of the Dungeon)
 s - a staff of conjuration {!a}
   (You found it on level 5 of the Dungeon)
 u - a staff of air {!a}
   (You found it on level 6 of the Dungeon)
 y - a staff of cold {!a}
   (You found it on level 10 of the Dungeon)
Jewellery
 e - a ring of willpower (left front paw)
   (You found it on level 1 of the Dungeon)
 g - an amulet of reflection (around neck)
   (You found it on level 1 of the Dungeon)
 l - the ring "Ekijukh" (right front paw) {Wiz Str+3}
   (You found it on level 2 of the Dungeon)

   [ring of wizardry]

   It improves your spell success rate.
   Str:       It affects your strength (+3).
 C - a ring of ice
   (You took it off Fannar on level 1 of the Lair of Beasts)
 F - a ring of protection from fire
   (You found it on level 6 of the Dungeon)
 I - a +6 ring of intelligence
   (You found it on level 8 of the Dungeon)
 L - a ring of flight
   (You found it on level 4 of the Dungeon)
 P - a ring of poison resistance
   (You found it on level 8 of the Dungeon)
 S - a +6 ring of strength
   (You found it on level 6 of the Dungeon)
 T - an amulet of faith {!P}
   (You found it on level 3 of the Dungeon)
Wands
 E - a wand of mindburst (11)
   (You found it on level 10 of the Dungeon)
Scrolls
 b - a scroll of poison {!r}
 n - 3 scrolls of vulnerability {!r!r}
 r - a scroll of fog
 t - a scroll of immolation {!r!r}
 v - 4 scrolls of identify {@r1}
 x - a scroll of teleportation {@r4}
 B - 2 scrolls of brand weapon
Potions
 c - a potion of invisibility
 h - 3 potions of attraction {!q}
 i - a potion of flight
 j - 5 potions of curing {@q1}
 m - a potion of haste {@q3}
 q - a potion of degeneration {!q}
 w - 2 potions of might
 z - a potion of cancellation
 D - a potion of heal wounds {@q2}

Dungeon Overview and Level Annotations

Branches:
Dungeon (10/15) Zot: 22983  Temple (1/1) D:5 Zot: 5895    Lair (1/5) D:9 Zot: 5571
    Orc (0/2) D:10          Sewer (visited)

Altars:
Ashenzari
Cheibriados
Dithmenos
Fedhas
Gozag
Hepliaklqana
Kikubaaqudgha
Makhleb
Nemelex Xobeh
Okawaru
Qazlal
Ru
Sif Muna
Trog
Uskayaw
Vehumet
Wu Jian
Xom
Yredelemnul

Shops:
D:2 !   D:8 :

Annotations:
D:5 2 transporters, ma3's ghost, novice OpCj
D:6 2 runed translucent doors, dunno567's ghost, novice DESu
D:7 3 runed translucent doors, caveywoolpert's ghost, novice DjGl
D:8 3 runed translucent doors, Leeroy's ghost, novice TeWr

.........#........##
#.....##.##.
........)........###
###.#####.##
........###........# ###
##.#
##......##.....#.#.# #..
#########.....#.#+# ##.
#..##.#.⌠.## #..
#....###....## ##..
#.####...l./.### ##...
... #...Y......#
####....
...#............#
#.......
.....##...#.............
..... #.⌠.##....#.......
...# ..... ##..#.......
... .....# ........ >.
..>..# ⌠....... #.....#
.#...... #......


You could see a komodo dragon (slow).


Message History

Key pressed, stopping explore.
o - 21 poisoned darts (gained 4) 😎 HP[+16]
You now have 70 max hp (-14).
Your hp is fully restored (70).
d - 137 stones (gained 3)
You see here the +3 hand axe "Esobyrax" {freeze, *Slow rN+ Str+4 Int+2}.
You see here the +3 hand axe "Esobyrax" {freeze, *Slow rN+ Str+4 Int+2}.
A komodo dragon and a bullfrog come into view.
There are monsters nearby!
There are monsters nearby!
There are monsters nearby!
Casting: Wereblood (safe; 1% risk of failure)
Confirm with . or Enter, or press ? or * to list all spells.
You turn into a creature of crystalline ice.
Your +0 cloak melds into your body.
Your +0 robe melds into your body. 😎 HP[+14] MP[-4]
You now have 84 max hp (+14).
Your hp is fully restored (84).
You lost 4 mp, and now have 13/17 mp.
Casting: Ice Form (dangerous; 1% risk of failure)
Confirm with . or Enter, or press ? or * to list all spells.
Your blood is infused with primal strength. 😎 MP[-1]
You lost 1 mp, and now have 12/17 mp.
The bullfrog attacks as you move away! The bullfrog hits you. 😕 HP[-1]
You take 1 damage, and now have 83/84 hp.
You hit the bullfrog but do no damage.
The bullfrog hits you but does no damage.
The bullfrog hits you.
You barely miss the bullfrog.
The bullfrog hits you but does no damage. 😕 HP[-5] MP[+1]
You take 5 damage, and now have 78/84 hp.
You hit the bullfrog.
The bullfrog seems to slow down.
You freeze the bullfrog. The bullfrog barely misses you.
You hit the bullfrog. You freeze the bullfrog.
The bullfrog is no longer moving slowly.
The bullfrog hits you but does no damage.
You punch the bullfrog!
The bullfrog seems to slow down.
You freeze the bullfrog.
You feel a bit better.
You kill the bullfrog!
No target in view!
The komodo dragon hisses angrily. 😕 HP[+4] MP[+1]
You regained 4 hp, and now have 82/84 hp.
A komodo dragon comes into view.
There is a fountain of clear blue water here.
The komodo dragon hisses angrily.
Found two stone staircases leading down.
You hit the komodo dragon but do no damage.
You block the komodo dragon's attack.
You hit the komodo dragon but do no damage.
The komodo dragon hisses menacingly.
The komodo dragon bites you. 😕 HP[-2] MP[+1]
You take 2 damage, and now have 80/84 hp.
Unknown command.
The komodo dragon bites you.
You block the komodo dragon's attack. 😕 HP[-2]
You take 2 damage, and now have 78/84 hp.
You punch the komodo dragon! You freeze the komodo dragon.
The komodo dragon bites you. You block the komodo dragon's attack.
You hit the komodo dragon. You freeze the komodo dragon.
The komodo dragon bites you!! x2
* * * LOW HITPOINT WARNING * * *
😨 HP[-54] MP[+1]
You take 54 damage, and now have 24/84 hp.
MASSIVE DAMAGE!! (PAUSE)
You pummel the komodo dragon!! You freeze the komodo dragon!
The komodo dragon bites you!
* * * LOW HITPOINT WARNING * * *
The komodo dragon misses you. 😱 HP[-10]
You take 10 damage, and now have 14/84 hp.
Unknown command.
You hit the komodo dragon but do no damage.
The komodo dragon bites you!
* * * LOW HITPOINT WARNING * * *
😱 HP[-13] MP[+1]
You take 13 damage, and now have 1/84 hp.
Your mp is fully restored (17).
Unknown command.
Unknown command.
You punch the komodo dragon!
The komodo dragon seems to slow down.
You freeze the komodo dragon.
You feel a bit better.
You kill the komodo dragon!
The komodo dragon barely misses you. 😱 HP[+2]
You now have 85 max hp (+1).
You regained 2 hp, and now have 3/85 hp.
Unknown command.
You feel much better. The komodo dragon bites you!!
* * * LOW HITPOINT WARNING * * *
😱 HP[+16]
You regained 16 hp, and now have 19/85 hp.
You hit the komodo dragon.
The komodo dragon seems to slow down.
You freeze the komodo dragon. You hit the komodo dragon.
You freeze the komodo dragon. The komodo dragon bites you!!
You die...

Skill      XL: |  1  2  3  4  5  6  7  8  9 10 |
---------------+-------------------------------+-----
Transmutations | 2 3 4 5 6 8 9 |  9.2
Unarmed Combat | 3 4 5 6 |  6.8
Poison Magic   | 1 2 |  2.0
Spellcasting   | 3 4 5 6 |  6.6
Ice Magic      | 1 3 5 6 7 |  7.0
Dodging        | 2 3 |  3.5
Fighting       | 3 |  3.6

Action                     |  1- 3 |  4- 6 |  7- 9 | 10-12 || total
---------------------------+-------+-------+-------+-------++-------
  Melee: Unarmed           |   104 |   147 |   268 |    67 ||   586
         Kick              |    27 |    10 |       |       ||    37
         Punch             |     4 |     1 |     2 |       ||     7
         Headbutt          |    10 |     6 |     3 |       ||    19
   Cast: Beastly Appendage |    30 |    12 |       |       ||    42
         Spider Form       |     1 |    12 |    12 |       ||    25
         Wereblood         |       |     1 |    19 |     3 ||    23
         Ice Form          |       |     1 |    26 |     7 ||    34
 Invoke: Reject Sacrifices |       |       |     1 |       ||     1
         Sacrifice Essence |       |       |     1 |       ||     1
    Use: Potion            |     1 |     1 |     3 |     2 ||     7
         Scroll            |       |     6 |    10 |     3 ||    19
   Stab: Sleeping          |       |     3 |       |       ||     3
 Armour: Robe              |    22 |    27 |    11 |     1 ||    61
         Skin              |       |     6 |    51 |    17 ||    74
  Dodge: Dodged            |    56 |    96 |   141 |    34 ||   327
  Block: Other             |    24 |    32 |    55 |    17 ||   128
         Reflection        |     1 |       |     2 |       ||     3

Levels and vault maps discovered:
D:1:      lemuel_arrival_cross, layout_loops_ring,
          nicolae_ecumenical_lake_church, kennysheep_minor_cross
D:2:      layout_rooms, serial_shops, shop, hangedman_decor_growths
D:3:      layout_rooms, evilmike_ruin_ashenzari, grunt_decor_fettered
D:4:      layout_basic, fedhas_altar_4
D:5:      layout_gridville, nicolae_overflow_two_pavilions,
          minmay_temple_entry_tees, portal_sewer_entry_c, gammafunk_ghost_smash
D:6:      layout_cave_pods, mainiacjoe_overflow_alcove_2,
          ebering_ghost_disaster_area
D:7:      layout_loops_ring, gammafunk_ghost_split, uniq_menkaure,
          uniq_crazy_yiuf_cottage, uniq_prince_ribbit1, uniq_duvessa
D:8:      layout_loops_ring, mainiacjoe_overflow_six_doors_small,
          gammafunk_ghost_necromancy, nicolae_shop_vocational, uniq_maggie
D:9:      layout_loops_corners, lair_entry_dummy, minmay_misc_feat_pillars,
          hangedman_glass_teeth
D:10:     layout_irregular_city, mainiacjoe_overflow_two_lobes, orc_0_dummy,
          serial_glass, glass_columns_a, glass_columns_b, glass_columns_b,
          glass_columns_a, uniq_psyche
Temple:   nicolae_temple_great_sept
Lair:1:   layout_cave_pods, beast_lair_carwin_3, lemuel_fruit_tree,
          infiniplex_staircase_pool, grunt_megastairs_5, uniq_fannar

Notes
Turn   | Place    | Note
-------+----------+-------------------------------------------
     0 | D:1      | kae the Demonspawn Transmuter began the quest for the Orb.
     0 | D:1      | Reached XP level 1. HP: 15/15 MP: 3/3
     0 | D:1      | magus.rc [v1.11.3]
   114 | D:1      | Reached skill level 2 in Transmutations
   186 | D:1      | Gained mutation: You are partially covered in yellow
                  | scales. (AC +2) [demonic ancestry]
   186 | D:1      | Reached XP level 2. HP: 21/21 MP: 3/5
   222 | D:1      | Learned a level 2 spell: Wereblood
   362 | D:1      | You add the spells Static Discharge, Sublimation of Blood,
                  | Borgnjor's Revivification and Infestation to your library.
   362 | D:1      | Got the Compendium of Stormy Sinister Acts
   402 | D:1      | Reached skill level 3 in Unarmed Combat
   434 | D:1      | Gained mutation: You are mostly covered in yellow scales.
                  | (AC +3) [demonic ancestry]
   434 | D:1      | Reached XP level 3. HP: 26/26 MP: 6/6
   438 | D:1      | Learned a level 3 spell: Spider Form
   757 | D:1      | Found a faded altar of an unknown god.
  1326 | D:2      | Found Neuhuho's Distillery.
  1334 | D:2      | Bought a potion of heal wounds for 50 gold pieces
  1381 | D:2      | Identified the ring "Ekijukh" {Wiz Str+3}
  1560 | D:3      | Reached skill level 3 in Transmutations
  1560 | D:3      | Reached skill level 1 in Poison Magic
  1560 | D:3      | Gained mutation: You regenerate magic rapidly. [demonic
                  | ancestry]
  1560 | D:3      | Reached XP level 4. HP: 32/32 MP: 0/7
  1767 | D:3      | Found a broken altar of Ashenzari.
  2303 | D:4      | Gained mutation: You are completely covered in yellow
                  | scales. (AC +4, rCorr) [demonic ancestry]
  2303 | D:4      | Reached XP level 5. HP: 36/37 MP: 9/9
  2359 | D:4      | Reached skill level 2 in Poison Magic
  2366 | D:4      | Reached skill level 3 in Spellcasting
  2638 | D:4      | Noticed an ogre
  2656 | D:4      | Killed an ogre
  2657 | D:4      | Reached skill level 4 in Transmutations
  2657 | D:4      | Reached XP level 6. HP: 43/43 MP: 7/11
  2698 | D:4      | Learned a level 4 spell: Ice Form
  2726 | D:4      | Found a blossoming altar of Fedhas.
  2928 | D:5      | Entered Level 5 of the Dungeon
  2928 | D:5      | Found a transporter.
  2976 | D:5      | Found a transporter.
  2976 | D:5      | Noticed ma3's ghost (novice OpCj)
  3005 | D:5      | Found a glowing drain.
  3020 | Sewer    | Entered a sewer
  3104 | Sewer    | Noticed Pargi
  3110 | Sewer    | Killed Pargi
  3111 | Sewer    | Reached skill level 4 in Unarmed Combat
  3111 | Sewer    | Reached skill level 1 in Ice Magic
  3164 | Sewer    | Gained mutation: You have a pair of small horns on your
                  | head. [demonic ancestry]
  3164 | Sewer    | Reached XP level 7. HP: 48/48 MP: 12/12
  3297 | D:5      | Found a staircase to the Ecumenical Temple.
  3322 | D:5      | HP: 11/57 [gnoll bouda/+0 whip (4)]
  3323 | D:5      | HP: 4/57 [gnoll/+0 spear[a gnoll bouda] (7)]
  3582 | D:5      | HP: 12/48 [poisoned by a scorpion]
  3586 | D:5      | HP: 2/48 [orc/+0 hand axe (5)]
  3915 | D:5      | Reached skill level 5 in Transmutations
  3922 | D:5      | Reached skill level 2 in Ice Magic
  4005 | D:5      | Found a stormy altar of Qazlal.
  4005 | D:5      | Found a basalt altar of Yredelemnul.
  4095 | Temple   | Entered the Ecumenical Temple
  4189 | Temple   | Became a worshipper of Ru the Awakened
  4598 | D:6      | You pick up a book of Frost and begin reading...
  4598 | D:6      | You add the spells Freeze, Frozen Ramparts and Hailstorm to
                  | your library.
  4727 | D:6      | Reached skill level 4 in Spellcasting
  4815 | D:6      | Found a large runed translucent door.
  4815 | D:6      | Found a large runed translucent door.
  4818 | D:6      | Noticed dunno567's ghost (novice DESu)
  4856 | D:6      | Found a sparkling altar of Nemelex Xobeh.
  5420 | D:7      | Noticed Prince Ribbit
  5558 | D:7      | Killed Prince Ribbit
  5559 | D:7      | Reached skill level 3 in Ice Magic
  5559 | D:7      | Reached XP level 8. HP: 34/54 MP: 9/14
  5712 | D:7      | Identified the +12 war axe of the Vaults {flame, rF+ Will+}
  5735 | D:7      | Found a runed translucent gate.
  5737 | D:7      | Found a runed translucent gate.
  5737 | D:7      | Found a runed translucent gate.
  5739 | D:7      | Noticed caveywoolpert's ghost (novice DjGl)
  5741 | D:7      | Noticed a hornet
  5794 | D:7      | Noticed Duvessa
  5796 | D:7      | Noticed Dowan
  5807 | D:7      | Killed Duvessa
  5808 | D:7      | Reached skill level 6 in Transmutations
  5813 | D:7      | Killed Dowan
  5814 | D:7      | Reached skill level 4 in Ice Magic
  6090 | D:7      | Noticed Menkaure
  6103 | D:7      | Killed Menkaure
  6235 | D:7      | Reached skill level 5 in Unarmed Combat
  6498 | D:7      | Found a runed translucent door.
  6499 | D:7      | Noticed Crazy Yiuf
  6697 | D:7      | Killed Crazy Yiuf
  6909 | D:8      | Found a shimmering blue altar of Sif Muna.
  6962 | D:8      | You fall into a shaft and drop 2 floors!
  6962 | D:10     | Entered Level 10 of the Dungeon
  6972 | D:10     | You pick up a book of Cantrips and begin reading...
  6972 | D:10     | You add the spells Necrotise, Summon Small Mammal and
                  | Apportation to your library.
  7136 | D:9      | Reached skill level 5 in Spellcasting
  7136 | D:9      | Reached skill level 5 in Ice Magic
  7136 | D:9      | Gained mutation: You have a pair of horns on your head.
                  | [demonic ancestry]
  7136 | D:9      | Reached XP level 9. HP: 51/59 MP: 14/16
  7316 | D:9      | Found a staircase to the Lair.
  7317 | D:9      | Identified the +1 battleaxe "Dacoi" {heavy, rN+ Str+5
                  | Stlth+}
  7377 | D:9      | Reached skill level 7 in Transmutations
  7717 | D:8      | You pick up a book of Spatial Translocations and begin
                  | reading...
  7717 | D:8      | You add the spells Blink, Momentum Strike and Lesser
                  | Beckoning to your library.
  7962 | D:8      | Noticed Maggie
  7975 | D:8      | Killed Maggie
  8135 | D:8      | Reached skill level 6 in Ice Magic
  8379 | D:8      | Found Vohog's Vocational Training.
  8559 | D:8      | Found a runed translucent gate.
  8568 | D:8      | Found a runed translucent gate.
  8569 | D:8      | Found a runed translucent gate.
  8569 | D:8      | Noticed a spectral unseen horror
  8571 | D:8      | Gained mutation: Your magical capacity is low. (-10% MP)
                  | [Ru sacrifice]
  8572 | D:8      | Noticed Leeroy's ghost (novice TeWr)
  9228 | D:10     | Reached skill level 6 in Unarmed Combat
  9398 | D:10     | Noticed Psyche
  9406 | D:10     | Reached skill level 8 in Transmutations
  9414 | D:10     | Reached skill level 2 in Dodging
  9418 | D:10     | Killed Psyche
  9419 | D:10     | Reached XP level 10. HP: 67/67 MP: 15/16
  9582 | D:10     | Noticed a manticore
  9600 | D:10     | Found an opulent altar of Gozag.
  9607 | D:10     | Noticed a manticore
  9621 | D:10     | Killed a manticore
  9622 | D:10     | Reached skill level 2 in Fighting
  9790 | D:10     | Found a radiant altar of Vehumet.
  9949 | D:10     | Found a staircase to the Orcish Mines.
 10019 | D:10     | Reached skill level 6 in Spellcasting
 10586 | Lair:1   | Entered Level 1 of the Lair of Beasts
 10586 | Lair:1   | Noticed a cane toad
 10591 | Lair:1   | Killed a cane toad
 10592 | Lair:1   | Noticed Fannar
 10593 | Lair:1   | Noticed a cane toad
 10594 | Lair:1   | Noticed a cane toad
 10951 | D:9      | Killed a cane toad
 10952 | D:9      | Reached skill level 7 in Ice Magic
 11060 | Lair:1   | Noticed a cane toad
 11065 | Lair:1   | Killed Fannar
 11066 | Lair:1   | Reached skill level 3 in Dodging
 11067 | Lair:1   | Killed a cane toad
 11068 | Lair:1   | Reached skill level 3 in Fighting
 11264 | Lair:1   | Reached skill level 9 in Transmutations
 11432 | Lair:1   | Identified the +3 hand axe "Esobyrax" {freeze, *Slow rN+
                  | Str+4 Int+2}
 11463 | Lair:1   | HP: 14/84 [komodo dragon (11)]
 11464 | Lair:1   | HP: 1/84 [komodo dragon (13)]
 11468 | Lair:1   | Mangled by a komodo dragon

Vanquished Creatures
  Fannar (Lair:1)
  A manticore (D:10)
  2 komodo dragons (Lair:1)
  Maggie (D:8)
  3 cane toads
  Psyche (D:10)
  Prince Ribbit (D:7)
  4 wyverns
  3 vampire mosquitoes (D:10)
  A steam dragon (D:8)
  Menkaure (D:7)
  2 water moccasins
  Duvessa (D:7)
  Pargi (Sewer)
  An orc warrior (D:9)
  A sky beast (D:7)
  A black bear (Lair:1)
  4 wolves (Lair:1)
  A centaur (D:10)
  2 ogres
  A kobold brigand (D:6)
  4 bullfrogs
  A scorpion (D:5)
  3 wights (D:9)
  Dowan (D:7)
  5 killer bees (D:8)
  An electric eel (Lair:1)
  A howler monkey (D:8)
  A jelly (D:8)
  3 hounds
  A gnoll bouda (D:5)
  2 orc priests (D:4)
  Crazy Yiuf (D:7)
  2 iguanas (D:5)
  10 orc wizards
  6 gnolls
  4 adders
  A river rat (D:5)
  A shadow imp (D:6)
  A white imp (D:5)
  An ufetubus (D:7)
  2 worms
  3 dart slugs
  28 orcs
  5 endoplasms
  5 giant cockroaches
  8 goblins
  5 hobgoblins
  6 jackals
  21 kobolds
  3 quokkas
  4 ball pythons
  5 bats
  7 frilled lizards
  8 rats
194 creatures vanquished.

Vanquished Creatures (others)
  3 plants (Lair:1)
3 creatures vanquished.

Grand Total: 197 creatures vanquished

Table legend:
 A = Non-vault XP
 B = Vault XP
 C = Vault XP percentage of total XP
 D = Non-vault monster count
 E = Vault monster count
 F = Vault count percentage of total count
                 A         B        C        D         E       F
            +---------+---------+-------+---------+---------+-------
      Total |    6628 |    3706 |  35.9 |     172 |      22 |  11.3
            +---------+---------+-------+---------+---------+-------
        D:1 |      51 |       0 |   0.0 |      23 |       0 |   0.0
        D:2 |      34 |       0 |   0.0 |      20 |       0 |   0.0
        D:3 |     106 |       0 |   0.0 |      25 |       0 |   0.0
        D:4 |     346 |       0 |   0.0 |      19 |       0 |   0.0
        D:5 |     326 |      16 |   4.7 |      15 |       4 |  21.1
        D:6 |     255 |       0 |   0.0 |      15 |       0 |   0.0
        D:7 |     668 |     697 |  51.1 |       8 |       5 |  38.5
        D:8 |     682 |     398 |  36.9 |      14 |       1 |   6.7
        D:9 |     970 |     382 |  28.3 |      12 |       1 |   7.7
       D:10 |    1499 |     379 |  20.2 |      11 |       1 |   8.3
     Lair:1 |    1691 |    1678 |  49.8 |      10 |       3 |  23.1
      Sewer |       0 |     156 | 100.0 |       0 |       7 | 100.0
            +---------+---------+-------+---------+---------+-------

Illustrated notes

Table legend:
 A = Kills in this place as a percentage of kills in entire the game.
 B = Kills by you in this place as a percentage of kills by you in the entire game.
 C = Kills by friends in this place as a percentage of kills by friends in the entire game.
 D = Other kills in this place as a percentage of other kills in the entire game.
 E = Experience gained in this place as a percentage of experience gained in the entire game.
 F = Experience gained in this place divided by the number of levels of this place that you have seen.
                   A       B       C       D       E      F
               +-------+-------+-------+-------+-------+----------------------
         Total | 100.0 | 100.0 |   N/A |   N/A | 100.0 | 794.9
       Dungeon |  89.7 |  89.7 |   N/A |   N/A |  65.9 | 680.9
          Lair |   6.7 |   6.7 |   N/A |   N/A |  32.6 | 3369.0
         Sewer |   3.6 |   3.6 |   N/A |   N/A |   1.5 | 156.0
               +-------+-------+-------+-------+-------+----------------------

Table legend: (Time is in decaauts)
 A = Elapsed time spent in this place.
 B = Non-inter-level travel time spent in this place.
 C = Inter-level travel time spent in this place.
 D = Time resting spent in this place.
 E = Time spent auto-exploring this place.
 F = Levels seen in this place.
 G = Mean time per level.
                   A        B        C        D        E       F      G
               +--------+--------+--------+--------+--------+-----+--------+
         Total |  11437 |  11088 |    349 |    956 |   8408 |  13 |  879.8 |
       Dungeon |  10727 |  10408 |    319 |    937 |   7949 |  10 | 1072.7 |
        Temple |    104 |     75 |     29 |      0 |     63 |   1 |  104.0 |
          Lair |    428 |    428 |      0 |     19 |    313 |   1 |  428.0 |
         Sewer |    177 |    177 |      0 |      0 |     82 |   1 |  177.0 |
               +--------+--------+--------+--------+--------+-----+--------+

Top non-repeatable levels by time:
     D:9: 1590 daAuts
    D:10: 1415 daAuts
     D:7: 1316 daAuts
     D:5: 1205 daAuts
     D:8: 1182 daAuts
     D:1: 1016 daAuts
     D:6: 986 daAuts
     D:4: 783 daAuts
     D:3: 733 daAuts
     D:2: 496 daAuts
  Lair:1: 428 daAuts
   Sewer: 177 daAuts
  Temple: 104 daAuts
